 Dungeon Crawl Stone Soup version 0.30-a0-322-g102857c98e (webtiles) character file.

Game seed: 13818007984924941707

509501 Lobster4 the Phalangite (level 25, -7/291 HPs)
             Began as a Merfolk Gladiator on Oct 27, 2022.
             Was the Champion of the Shining One.
             Mangled by a death scarab (15 damage)
             ... on level 1 of the Tomb of the Ancients on Oct 28, 2022.
             The game lasted 07:35:54 (73339 turns).

Lobster4 the Phalangite (Merfolk Gladiator)        Turns: 73339, Time: 07:35:55

Health: -7/291     AC: 32    Str: 30    XL:     25   Next: 48%
Magic:  39/39      EV:  2    Int: 15    God:    the Shining One [******]
Gold:   2752       SH:  5    Dex: 20    Spells: 24/48 levels left

rFire   . . .      SeeInvis .    a - +9 halberd "Roxasoh" {holy, rC+ Will++}
rCold   + . .      Faith    .    (shield currently unavailable)
rNeg    + + +      Spirit   .    (body armour currently unavailable)
rPois   +          Reflect  +    (helmet currently unavailable)
rElec   .          Harm     .    (cloak currently unavailable)
rCorr   .          Rampage  .    (gloves currently unavailable)
Will    +++..      NoTele   +    (boots currently unavailable)
Stlth   ++........               E - amulet of reflection
HPRegen 0.68/turn                V - ring of Lugonu's Anger {EV+4 Str+3 Int+5}
MPRegen 0.26/turn                z - +6 ring of dexterity

@: mighty, tree-form, hasted and slowed, glowing, studying 2 skills
A: stationary, stasis, torment immunity, boosted hp, (nimble swimmer 2),
(mertail), strong 1
}: 2/15 runes: decaying, serpentine
a: Renounce Religion, Divine Shield, Cleansing Flame, Summon Divine Warrior,
Brand Weapon With Holy Wrath


You were on level 1 of the Tomb of the Ancients.
You worshipped the Shining One.
The Shining One was exalted by your worship.
You were a tree.
You visited 13 branches of the dungeon, and saw 51 of its levels.
You also visited: Bailey, Ice Cave and Wizlab.

You collected 5970 gold pieces.
You spent 3218 gold pieces at shops.

Inventory:

Hand Weapons
 a - the +9 halberd "Roxasoh" (weapon) {holy, rC+ Will++}
   (You bought it in a shop on level 2 of the Snake Pit)

   It has been blessed by the Shining One to cause great damage to the undead
   and demons.
   rC:        It protects you from cold.
   Will:      It greatly increases your willpower.
 b - the +8 longbow "Zephyr" {speed, Dex+3 SInv}
   (You found it on level 2 of the Elven Halls)

   Attacks with this weapon are significantly faster.
   Dex:       It affects your dexterity (+3).
   SInv:      It lets you see invisible.
 c - the +4 glaive "Kejoazucs" {flame, MP+9 Str+4}
   (You found it on level 3 of the Vaults)

   It burns those it strikes, dealing additional fire damage.
   Big, fiery blades are also staple armaments of hydra-hunters.
   Str:       It affects your strength (+4).
   MP:        It affects your magic capacity (+9).
 o - the +7 trident "Loemum" {freeze, Dex+7}
   (You found it on level 3 of the Crypt)

   It freezes those it strikes, dealing additional cold damage.
   It can also slow down cold-blooded creatures.
   Dex:       It affects your dexterity (+7).
 C - a +3 halberd of electrocution
 X - a +5 glaive of freezing
Missiles
 g - 4 javelins (quivered)
 n - 2 silver javelins
 t - 12 poisoned darts
 F - 6 curare-tipped darts
 P - 15 boomerangs of dispersal
Armour
 p - a +4 troll leather armour (melded) {Snorg}
 I - the +1 cloak "Zemugaj" (melded) {rF+}
   (You found it in a wizard's laboratory)

   rF:        It protects you from fire.
 M - the +2 pair of gloves of Objectivity (melded) {rPois Int+2}
   (You found it on level 3 of the Elven Halls)

   Int:       It affects your intelligence (+2).
   rPois:     It protects you from poison.
 O - the -2 hat of the Alchemist (melded) {rElec rPois rF+ rC+ rN+ Will+ rMut rCorr}
   (You found it on level 3 of the Crypt)

   rF:        It protects you from fire.
   rC:        It protects you from cold.
   rElec:     It insulates you from electricity.
   rPois:     It protects you from poison.
   rN:        It protects you from negative energy.
   rCorr:     It protects you from acid and corrosion.
   rMut:      It protects you from mutation.
   Will:      It increases your willpower.
Jewellery
 z - a +6 ring of dexterity (right branch)
 D - the ring of Itan {Fly rPois Will- Int+9 Stlth-}
   (You found it on level 3 of the Crypt)

   [ring of flight]

   Int:       It affects your intelligence (+9).
   rPois:     It protects you from poison.
   Fly:       It grants you flight.
   Will:      It decreases your willpower.
   Stlth:     It makes you less stealthy.
 E - an amulet of reflection (around neck)
 J - a ring of protection from fire
 V - the ring of Lugonu's Anger (left branch) {EV+4 Str+3 Int+5}
   (You took it off a deep elf sorcerer on level 3 of the Elven Halls)

   [ring of evasion]

   EV:        It affects your evasion (+4).
   Str:       It affects your strength (+3).
   Int:       It affects your intelligence (+5).
Wands
 e - a wand of digging (29)
 y - a wand of mindburst (17)
 T - a wand of iceblast (3)
 Y - a wand of light (13)
Scrolls
 f - 6 scrolls of poison
 j - 2 scrolls of magic mapping
 m - a scroll of silence
 B - 3 scrolls of immolation
 L - 8 scrolls of enchant weapon
 Q - 2 scrolls of brand weapon
 S - 3 scrolls of fog
Potions
 i - 2 potions of ambrosia
 k - 5 potions of brilliance
 l - 6 potions of curing
 s - 3 potions of haste
 v - 9 potions of magic
 x - a potion of might
 A - 3 potions of cancellation
 N - 8 potions of lignification
 U - 3 potions of resistance
Miscellaneous
 d - a box of beasts
 u - a phantom mirror
 W - a lightning rod (4/4)


   Skills:
 - Level 15.0 Fighting
 + Level 25.7 Polearms
 + Level 9.6 Ranged Weapons
 - Level 8.0 Throwing
 + Level 11.9 Armour
 - Level 15.0 Dodging
 - Level 12.0 Stealth
 - Level 12.0 Spellcasting
 - Level 12.0 Conjurations
 - Level 3.0 Hexes
 - Level 3.0 Summonings
 + Level 17.4 Ice Magic
 - Level 14.0 Air Magic
 - Level 14.0 Invocations
 - Level 3.0 Evocations


You had 24 spell levels left.
You knew the following spells:

 Your Spells              Type           Power      Damage    Failure   Level
a - Ensorcelled Hibernat  Hex/Ice        78%        N/A       1%          2
b - Freezing Cloud        Conj/Ice/Air   25%        6-21      1%          5
c - Frozen Ramparts       Ice            100%       1d16      1%          3
d - Ozocubu's Armour      Ice            57%        N/A       1%          3
e - Ozocubu's Refrigerat  Ice            28%        4d13      5%          7
f - Summon Ice Beast      Ice/Summ       39%        N/A       1%          4

Your spell library contained the following spells:

 Spells                   Type           Power      Damage    Failure   Level
 Kiss of Death            Conj/Necr      100%       2d13      1%          1
 Magic Dart               Conj           100%       1d8       1%          1
 Cigotuvi's Dreadful Rot  Necr/Pois/Air  44%        N/A       1%          2
 Momentum Strike          Conj/Tloc      54%        3d9       1%          2
 Poisonous Vapours        Pois/Air       60%        N/A       1%          2
 Searing Ray              Conj           90%        2d7       1%          2
 Static Discharge         Conj/Air       96%        2-6/arc   1%          2
 Dazzling Flash           Conj/Hex       62%        N/A       1%          3
 Mephitic Cloud           Conj/Pois/Air  34%        N/A       1%          3
 Stone Arrow              Conj/Erth      54%        3d10      1%          3
 Swiftness                Air            50%        N/A       1%          3
 Vhi's Electric Charge    Tloc/Air       60%        N/A       1%          3
 Airstrike                Air            25%        2d(4-20)  1%          4
 Arcjolt                  Conj/Air       24%        1d34      1%          5
 Lightning Bolt           Conj/Air       24%        1d39      1%          5
 Slow                     Hex            72%        N/A       2%          1
 Summon Small Mammal      Summ           72%        N/A       2%          1
 Ice Form                 Ice/Tmut       35%        N/A       2%          4
 Summon Lightning Spire   Summ/Air       34%        N/A       2%          4
 Kindle Blastsparks       Fire/Tloc/Air  44%        2d13      3%          3
 Fulminant Prism          Conj/Hex       15%        3d11      3%          4
 Call Canine Familiar     Summ           18%        N/A       7%          3
 Confusing Touch          Hex            18%        N/A       7%          3
 Summon Guardian Golem    Hex/Summ       18%        N/A       7%          3
 Flame Wave               Conj/Fire      27%        2d9       7%          4
 Iskenderun's Mystic Bla  Conj/Tloc      27%        2d7       7%          4
 Sticky Flame             Conj/Fire      27%        2d5       7%          4
 Apportation              Tloc           18%        N/A       8%          1
 Beastly Appendage        Tmut           18%        N/A       8%          1
 Necrotise                Necr           36%        1d5       8%          1
 Sandblast                Erth           18%        2d7       8%          1
 Blink                    Tloc           18%        N/A       12%         2
 Passwall                 Tmut/Erth      7%         N/A       12%         2
 Inner Flame              Hex/Fire       13%        N/A       13%         3
 Portal Projectile        Hex/Tloc       26%        N/A       13%         3
 Gell's Gravitas          Tloc           9%         N/A       24%         3
 Ignite Poison            Fire/Tmut/Pois 9%         N/A       24%         3
 Lesser Beckoning         Tloc           18%        N/A       24%         3
 Spider Form              Tmut/Pois      9%         N/A       24%         3
 Teleport Other           Tloc           9%         N/A       24%         3
 Vampiric Draining        Necr           9%         2d6       24%         3
 Anguish                  Hex/Necr       6%         N/A       38%         4
 Leda's Liquefaction      Hex/Erth       6%         N/A       38%         4
 Orb of Destruction       Conj           22%        9d8       43%         7
 Summon Mana Viper        Hex/Summ       18%        N/A       54%         5
 Manifold Assault         Tloc           9%         N/A       61%         4
 Passage of Golubria      Tloc           9%         N/A       61%         4
 Starburst                Conj/Fire      13%        6d6       71%         6
 Summon Forest            Summ/Tloc      6%         N/A       75%         5
 Yara's Violent Unravell  Hex/Tmut       6%         3d5       75%         5
 Maxwell's Capacitive Co  Air            25%        ∞         86%         8
 Lee's Rapid Deconstruct  Erth           4%         3d5*      91%         5
 Spellforged Servitor     Conj/Summ      15%        N/A       97%         7
 Storm Form               Tmut/Air       15%        N/A       98%         7
 Dispersal                Tloc           4%         N/A       100%        6
 Statue Form              Tmut/Erth      6%         N/A       100%        6
 Enfeeble                 Hex            9%         N/A       100%        7
 Monstrous Menagerie      Summ           9%         N/A       100%        7
 Disjunction              Tloc           4%         N/A       100%        8
 Necromutation            Tmut/Necr      4%         N/A       100%        8
 Chain Lightning          Conj/Air       24%        3d32      100%        9
 Dragon's Call            Summ           9%         N/A       100%        9
 Fire Storm               Conj/Fire      13%        8d4       100%        9
 Shatter                  Erth           4%         3d8*      100%        9


Dungeon Overview and Level Annotations

Branches:
Dungeon (15/15)            Temple (1/1) D:6            Lair (5/5) D:11
  Swamp (4/4) Lair:2        Snake (4/4) Lair:3        Slime (3/5) Lair:5
    Orc (2/2) D:10            Elf (3/3) Orc:2        Vaults (5/5) D:14
  Crypt (3/3) Vaults:3       Tomb (1/3) Crypt:3      Depths (4/4) D:15
   Hell (visited)             Zot (0/5) Depths:4     Bailey (visited)
  IceCv (visited)          WizLab (visited)
    Dis: Hell:1         Geh: Hell:1         Coc: Hell:1         Tar: Hell:1

Altars:
Ashenzari
Cheibriados
Dithmenos
Elyvilon
Fedhas
Gozag
Hepliaklqana
Kikubaaqudgha
Makhleb
Nemelex Xobeh
Okawaru
Qazlal
Ru
Sif Muna
Trog
Uskayaw
Vehumet
Wu Jian
Xom
Yredelemnul
Zin
The Shining One

Shops:
D:2 *   D:9 :   D:11 =   Orc:1 !   Orc:2 **==   Elf:1 *   Elf:2 [   Snake:2 (
Snake:4 [*=:   Vaults:2 (   Depths:3 *

Portals:
Hell: Depths:1 Depths:2 Depths:3 Depths:4
Abyss: Depths:3
Pandemonium: Depths:2
Ziggurat: Depths:4
Trove: Vaults:2 (give +6 demon trident)

Annotations:
Elf:1 Wicel's ghost, adept MiBe
Elf:3 Sorrimu's ghost, adept DsDe
Hell Geryon


Innate Abilities, Weirdness & Mutations

You are a tree.
Your roots penetrate the ground, keeping you stationary.
You cannot be teleported.
You are immune to unholy pain and torment.
Your maximum health is greatly increased.
Your equipment is partially melded.
((You are very nimble when in or above water. (Stealth+, EV+, Speed+++)))
((Your lower body shifts to a powerful aquatic tail in water.))
Your muscles are strong. (Str +4, Int/Dex -1)


Message History

The death scarab completely misses you.
The death scarab bites you but does no damage.
You block the death scarab's attack. The death scarab bites you!
* * * LOW HITPOINT WARNING * * *
The mummy priest utters an invocation to its god.
You feel better.
The death scarab completely misses you. x2
The death scarab misses you. The death scarab completely misses you.
The death scarab closely misses you.
You slice the death scarab!!
The death scarab convulses!
You destroy the death scarab!
The Shining One accepts your kill.
You feel better. The death scarab misses you.
The bunyip zombie completely misses you. x2
The bunyip zombie claws you!!
* * * LOW HITPOINT WARNING * * *
The death scarab completely misses you. x2
Training target 14.0 for Air Magic reached!
Your Air Magic skill increases to level 14!
The death scarab attacks as you move away!
You block the death scarab's attack. The death scarab completely misses you.
The death scarab barely misses you.
The death scarab completely misses you. x2
Okay, then.
Okay, then.
You feel better.
The sentinel's mark upon you fades away.
The death scarab barely misses you. x2; The death scarab bites you.
* * * LOW HITPOINT WARNING * * *
The sphinx mumbles some strange words.
Something smites you!
* * * LOW HITPOINT WARNING * * *
The death scarab completely misses you.
Okay, then.
Really quaff the potion of lignification?
You turn into a tree.
The +1 cloak "Zemugaj" {rF+} melds into your body.
The -2 hat of the Alchemist {rElec rPois rF+ rC+ rN+ Will+ rMut rCorr} melds into your body.
The +2 pair of gloves of Objectivity {rPois Int+2} melds into your body.
Your +4 troll leather armour {Snorg} melds into your body.
Your roots penetrate the ground.
The death scarab bites you!
You die...

############################
...........................#
...........................#
......./...................#
.......H......B............#
............Z.♣...(........#
......†.....†BB............#
..............Z..B.........#
...........Z...............#
.........W.................#
.........M.................#
...........................#
M..................†.......#
#################..........#


You could see a sphinx, a mummy priest, a wraith (summoned), 4 death scarabs, a
bunyip zombie, a juggernaut skeleton and a fenstrider witch skeleton (summoned).

Vanquished Creatures
  A dread lich (Crypt:3)
  Josephina (Depths:2)
  Bai Suzhen (Vaults:4)
  Frederick (Vaults:2)
  Vv (Depths:2)
  Saint Roka (Vaults:3)
  the Lernaean hydra (Swamp:4)
  Vashnia (Snake:2)
  2 caustic shrikes
  Nikola (Swamp:4)
  A golden dragon (Depths:4)
  The ghost of Wicel the Warrior, an adept MiBe of Trog (Elf:2)
  A bone dragon (Vaults:3)
  2 walking crystal tomes (Depths:1)
  Mlioglotl (Snake:3)
  Zenata (Vaults:3)
  Rupert (D:13)
  Jorgrun (D:12)
  Asterion (Snake:4)
  2 walking earthen tomes (Depths:1)
  7 liches
  A titan (Depths:4)
  5 acid blobs
  2 walking divine tomes
  9 sphinxes
  2 deep elf blademasters
  An Executioner (WizLab)
  9 ancient champions
  The ghost of scionoferis the Unseen, an adept SpAr of Nemelex Xobeh (Elf:2)
  The ghost of Josuitwi the Warrior, an adept MfGl of Yredelemnul (Snake:3)
  Kirke (Snake:4)
  A tentacled starspawn (WizLab)
  3 tengu reavers
  Agnes (Snake:3)
  Roxanne (Snake:3)
  A thorn hunter (Swamp:2)
  2 storm dragons (Depths:4)
  2 rockslimes (Slime:2)
  Donald (Swamp:3)
  A shadow dragon (Depths:4)
  An azure jelly (Slime:2)
  4 nagarajas
  5 fire giants
  A draconian monk (Depths:4)
  3 revenants
  A fenstrider witch (Swamp:3)
  4 narguns (Depths:1)
  Aizul (Swamp:2)
  7 deep elf sorcerers (Elf:3)
  5 frost giants
  An iron dragon (Depths:1)
  9 vault wardens
  4 deep elf elementalists
  3 curse skulls
  Louise (Lair:3)
  17 very ugly things
  A draconian shifter (Depths:4)
  2 ghouls (Crypt:2)
  The ghost of Wekumecuw the Fey Demonspawn, a journeyman DsFi of Yredelemnul (Orc:1)
  2 reapers (IceCv)
  10 ironbound preservers
  A draconian stormcaller (Depths:4)
  A quicksilver ooze (Slime:2)
  9 stone giants
  The ghost of CertainDeath the Warrior, a journeyman MiMo of Gozag (Lair:4)
  6 vampire knights
  2 ironbound thunderhulks
  2 war gargoyles
  Nessos (D:12)
  A starcursed mass (WizLab)
  3 green draconians (Depths:4)
  A red draconian (Depths:4)
  6 deep elf demonologists
  Azrael (Elf:1)
  An eleionoma (Swamp:4)
  A lorocyproca (Depths:2)
  3 spark wasps
  A yellow draconian (Depths:4)
  4 bunyips (Swamp:3)
  5 deep elf annihilators (Elf:3)
  3 dire elephants (Vaults:1)
  An eidolon (Crypt:1)
  A white draconian (Depths:4)
  4 deep elf death magi
  Snorg (D:10)
  A merfolk javelineer (Depths:2)
  5 ettins
  A mummy priest (Tomb:1)
  7 jiangshi
  5 fire dragons
  4 entropy weavers
  A shambling mangrove (Swamp:4)
  10 yaktaur captains
  9 ice dragons
  9 great orbs of eyes
  5 deep elf high priests
  5 rakshasas
  24 hydras
  5 spriggan air magi
  Fannar (Lair:3)
  A catoblepas (Depths:3)
  18 vault guards
  2 spriggan skeletons
  A caustic shrike simulacrum (Depths:2)
  2 centaur warriors
  3 ghost crabs
  3 salamander tyrants (Snake:4)
  A peacekeeper (Vaults:1)
  3 ironbound frosthearts
  13 anacondas
  3 boulder beetles
  2 death knights (Crypt:1)
  5 ogre magi
  22 two-headed ogres
  13 death yaks
  4 alligators
  33 dancing weapons
  8 deep troll shamans
  5 deep troll earth magi
  15 death scarabs (Tomb:1)
  A titan zombie (Tomb:1)
  2 spriggan berserkers
  15 naga warriors
  4 shock serpents
  A quicksilver ooze zombie (Crypt:1)
  5 tengu warriors
  3 vampire magi (Crypt:2)
  11 naga sharpshooters
  2 thrashing horrors (WizLab)
  15 hell knights
  9 deep elf knights
  3 sun demons
  2 soul eaters
  5 goliath frogs
  4 shadow wraiths
  A goliath frog (shapeshifter) (Depths:2)
  2 salamander mystics
  2 sixfirhies
  30 skeletal warriors
  9 swamp dragons
  52 deep trolls
  4 spriggan druids
  8 iron trolls
  10 naga ritualists
  6 flayed ghosts
  Lodul (D:12)
  21 bog bodies
  5 glowing orange brains
  15 lindwurms
  An orange crystal statue (IceCv)
  16 wizards
  An iron giant skeleton (Crypt:3)
  20 deep elf zephyrmancers
  3 orc knights
  7 phantasmal warriors
  An anaconda skeleton (Crypt:3)
  19 ironbound convokers
  2 obsidian statues
  6 necromancers
  12 deep elf archers
  3 spriggan simulacra (IceCv)
  33 deep elf pyromancers
  2 manticores
  An oklob plant (Lair:4)
  3 orc sorcerers
  15 mana vipers
  15 salamanders
  A wolf spider (D:13)
  43 ugly things
  3 will-o-the-wisps
  74 slime creatures
  4 shining eyes
  A shock serpent zombie (Crypt:2)
  2 moths of wrath (Snake:3)
  Maurice (D:8)
  46 black mambas
  An iron dragon skeleton (Crypt:3)
  13 vault sentinels
  4 cyclopes
  8 elephants
  A torpor snail (Lair:1)
  A centaur zombie (D:15)
  7 cane toads
  2 ice statues (D:14)
  A stone giant skeleton (Depths:1)
  21 naga magi
  A smoke demon (Depths:2)
  A gargoyle (D:12)
  An eye of devastation (Slime:1)
  2 orange demons (WizLab)
  A spriggan zombie (Depths:1)
  2 centaur skeletons (D:15)
  Maggie (D:8)
  13 freezing wraiths
  An unseen horror (WizLab)
  7 rime drakes
  A spark wasp simulacrum (Depths:2)
  An orb spider zombie (Crypt:1)
  30 yaktaurs
  Psyche (D:8)
  2 kobold demonologists (D:12)
  4 guardian mummies
  An efreet (D:15)
  17 komodo dragons
  A yellow draconian skeleton (Crypt:3)
  A minotaur skeleton (Crypt:2)
  2 ice devils
  A red devil (Depths:2)
  2 ancient zymes (WizLab)
  A red draconian skeleton (Crypt:1)
  A golden dragon simulacrum (IceCv)
  2 hellwings (Depths:2)
  6 tengu conjurers
  2 bloated husks
  A sea snake skeleton (Crypt:3)
  11 hornets
  A troll (shapeshifter) (D:14)
  2 polar bears (Lair:5)
  17 trolls
  21 blink frogs
  6 tyrant leeches
  An iron dragon simulacrum (Depths:2)
  A sphinx simulacrum (Depths:2)
  2 dream sheep (Lair:5)
  2 culicivoras (Vaults:4)
  3 flying skulls (Crypt:3)
  An air elemental (Elf:2)
  A centaur simulacrum (D:15)
  17 spriggans
  8 water elementals
  2 ynoxinuls
  8 wraiths
  A shadow (D:11)
  A vampire (D:13)
  A dire elephant simulacrum (Lair:1)
  5 basilisks
  A wyvern (Lair:3)
  3 small abominations (WizLab)
  55 yaks
  2 ushabtiu (Tomb:1)
  3 golden eyes (Slime:2)
  2 chaos spawn (WizLab)
  3 minotaur simulacra (IceCv)
  7 fire elementals
  4 redbacks
  2 steam dragons
  8 vampire mosquitoes
  6 spatial vortices (WizLab)
  7 wargs
  12 swamp worms
  A harpy simulacrum (IceCv)
  Edmund (D:4)
  A glowing shapeshifter zombie (Depths:1)
  2 hell hounds (Elf:1)
  3 hydra simulacra
  50 nagas
  10 water moccasins
  A fire bat skeleton (Crypt:3)
  A two-headed ogre skeleton (Crypt:1)
  Duvessa (D:5)
  2 demonspawn skeletons (Crypt:3)
  A floating eye (shapeshifter) (Vaults:3)
  23 orc warriors
  An ice beast (D:7)
  A sky beast (D:7)
  4 black bears (Lair:5)
  A glowing shapeshifter skeleton (Crypt:1)
  An alligator simulacrum (IceCv)
  10 swamp drakes
  27 wolves
  33 ogres
  5 boggarts
  12 centaurs
  A hog skeleton (Crypt:1)
  11 bullfrogs
  Blork the orc (D:4)
  2 kobold brigands
  A komodo dragon zombie (Crypt:2)
  A gnoll sergeant (D:5)
  5 deep troll simulacra (IceCv)
  8 earth elementals
  A wyvern zombie (Crypt:2)
  4 necrophages
  5 scorpions
  A cane toad simulacrum (Lair:1)
  A wyvern skeleton (Crypt:2)
  A hornet simulacrum (D:15)
  A cyclops skeleton (Crypt:3)
  3 lindwurm simulacra (IceCv)
  Dowan (D:5)
  14 killer bees
  An electric eel (D:12)
  4 howler monkeys (D:9)
  A quasit (WizLab)
  15 jellies
  A wyvern simulacrum (Lair:1)
  Crazy Yiuf (D:3)
  14 orc priests
  A water moccasin simulacrum (Lair:1)
  4 hounds
  A jelly (shapeshifter) (D:8)
  A black bear skeleton (Crypt:2)
  3 iguanas
  20 orc wizards
  Natasha (thrice) (D:3)
  An acid dragon zombie (Crypt:2)
  2 naga skeletons
  A tengu skeleton (Crypt:2)
  A boggart simulacrum (D:14)
  18 mummies
  16 gnolls
  5 adders
  4 shadow imps
  A swamp drake skeleton (Crypt:1)
  2 white imps (D:7)
  An ufetubus (D:5)
  A lava snake zombie (Crypt:3)
  An adder zombie (Crypt:2)
  A lava snake skeleton (Crypt:2)
  3 worms
  2 dart slugs
  83 orcs
  5 ball pythons
  2 bats
  3 endoplasms
  2 giant cockroaches
  14 goblins
  5 hobgoblins
  6 jackals
  13 kobolds
  7 quokkas
  4 frilled lizards (D:1)
  A kobold skeleton (Crypt:3)
  A kobold zombie (Crypt:1)
  2 rats (D:1)
  A river rat zombie (Crypt:1)
  A fire vortex (Depths:2)
  A starspawn tentacle (WizLab)
1978 creatures vanquished.

Vanquished Creatures (collateral kills)
  4 caustic shrikes (Depths:4)
  The ghost of Gorep the Sabretooth, an adept FeBe of Trog (Elf:2)
  An acid blob (Slime:1)
  The ghost of Xocounua the Stormcaller, an adept OpAE of Gozag (Elf:2)
  The ghost of Opizon the Basher, a journeyman TrFi of Ashenzari (Elf:2)
  2 deep elf archers (Elf:2)
  A shining eye (Slime:1)
  2 slime creatures (Slime:2)
13 creatures vanquished.

Vanquished Creatures (others)
  An eldritch tentacle (WizLab)
  An iron dragon (Depths:3)
  A shambling mangrove (Swamp:2)
  A catoblepas (Depths:3)
  A deep elf archer (Elf:2)
  A deep elf pyromancer (Elf:2)
  2 bloated husks
  A spriggan (Swamp:2)
  3 humans (Snake:4)
  A swamp worm (Swamp:4)
  A swamp drake (Swamp:4)
  8 foxfires
  77 fungi
  82 plants
  5 starspawn tentacles (WizLab)
186 creatures vanquished.

Grand Total: 2177 creatures vanquished

Notes
Turn   | Place    | Note
-------+----------+-------------------------------------------
     0 | D:1      | Lobster4 the Merfolk Gladiator began the quest for the Orb.
     0 | D:1      | Reached XP level 1. HP: 16/16 MP: 1/1
   146 | D:1      | Reached XP level 2. HP: 23/23 MP: 2/2
   185 | D:1      | Found a faded altar of an unknown god.
   402 | D:1      | Reached XP level 3. HP: 28/28 MP: 3/3
  1045 | D:2      | Found Posia's General Store.
  1759 | D:3      | Noticed Natasha
  1762 | D:3      | Killed Natasha
  1763 | D:3      | Reached XP level 4. HP: 35/35 MP: 4/4
  1908 | D:3      | Found a runed translucent door.
  1909 | D:3      | Noticed Crazy Yiuf
  2080 | D:3      | Noticed Natasha
  2086 | D:3      | Killed Natasha
  2087 | D:3      | Reached skill level 5 in Polearms
  2087 | D:3      | Reached skill level 5 in Dodging
  2186 | D:3      | Reached XP level 5. HP: 39/41 MP: 5/5
  2293 | D:3      | Identified the +1 leather armour of Panentheism {*Slow Fly
                  | Str+8 Int-5}
  2421 | D:3      | You fall into a shaft and drop 3 floors!
  2668 | D:5      | Entered Level 5 of the Dungeon
  2679 | D:5      | Reached XP level 6. HP: 47/47 MP: 6/6
  2693 | D:5      | Noticed Blork the orc
  2693 | D:5      | Noticed Edmund
  2709 | D:4      | Reached skill level 6 in Polearms
  2809 | D:3      | Found a glowing silver altar of Zin.
  2810 | D:3      | Noticed an angel
  3348 | D:4      | Reached XP level 7. HP: 36/54 MP: 7/7
  3609 | D:4      | Reached skill level 7 in Polearms
  3776 | D:5      | Found an opulent altar of Gozag.
  3833 | D:5      | Noticed Duvessa
  3833 | D:5      | Noticed Dowan
  4078 | D:4      | Killed Blork the orc
  4162 | D:5      | Killed Dowan
  4414 | D:5      | Reached skill level 8 in Polearms
  4420 | D:5      | Reached skill level 5 in Fighting
  4420 | D:5      | Reached XP level 8. HP: 62/62 MP: 6/8
  4466 | D:4      | Killed Edmund
  4595 | D:5      | Killed Duvessa
  4800 | D:6      | Found a staircase to the Ecumenical Temple.
  4829 | D:5      | Reached skill level 9 in Polearms
  5008 | Temple   | Entered the Ecumenical Temple
  5075 | D:6      | Learned a level 2 spell: Ensorcelled Hibernation
  5165 | D:6      | Found a burning altar of Makhleb.
  5385 | D:6      | Found a glowing golden altar of the Shining One.
  5390 | D:6      | Became a worshipper of the Shining One
  5579 | D:7      | Found a flagged portal.
  5593 | Bailey   | Entered a bailey
  5765 | Bailey   | Reached skill level 1 in Ice Magic
  5796 | Bailey   | Reached skill level 1 in Hexes
  5932 | Bailey   | Noticed an orc knight
  5981 | Bailey   | Killed an orc knight
  5982 | Bailey   | Reached skill level 10 in Polearms
  5982 | Bailey   | Reached skill level 5 in Throwing
  5982 | Bailey   | Reached skill level 1 in Armour
  5982 | Bailey   | Reached XP level 9. HP: 65/69 MP: 4/9
  6476 | D:7      | Found an ornate altar of the Wu Jian Council.
  6774 | D:7      | Reached skill level 1 in Stealth
  7102 | D:7      | Reached skill level 1 in Spellcasting
  7387 | D:3      | Noticed Natasha
  7391 | D:3      | Killed Natasha
  7422 | D:3      | Killed Crazy Yiuf
  7600 | D:8      | Noticed a troll
  7600 | D:8      | Reached * piety under the Shining One
  7635 | D:8      | Noticed Psyche
  7778 | D:8      | Reached skill level 11 in Polearms
  7778 | D:8      | Reached skill level 1 in Ranged Weapons
  7779 | D:8      | Reached XP level 10. HP: 73/77 MP: 10/12
  7883 | D:8      | Noticed Maggie
  7980 | D:8      | Noticed Maurice
  8004 | D:8      | Killed Maurice
  8399 | D:9      | Noticed a two-headed ogre
  8539 | D:8      | Killed a two-headed ogre
  8669 | D:8      | Reached skill level 12 in Polearms
  8773 | D:9      | Reached skill level 1 in Invocations
  8948 | D:9      | Reached skill level 1 in Evocations
  9179 | D:9      | Found Omaijete's Vocational Training.
  9209 | D:9      | Noticed a red ugly thing
  9410 | D:10     | Entered Level 10 of the Dungeon
  9465 | D:9      | Reached XP level 11. HP: 57/84 MP: 10/15
  9668 | D:10     | Reached skill level 13 in Polearms
  9996 | D:10     | Noticed Snorg
 10009 | D:10     | Killed Snorg
 10150 | D:10     | Found a staircase to the Orcish Mines.
 10241 | D:10     | Found a stormy altar of Qazlal.
 10246 | D:10     | Found a shimmering altar of Xom.
 10249 | D:10     | Found an iron altar of Okawaru.
 10250 | D:10     | Found a broken altar of Ashenzari.
 10250 | D:10     | Found a shimmering blue altar of Sif Muna.
 10253 | D:10     | Found a sparkling altar of Nemelex Xobeh.
 10254 | D:10     | Found a basalt altar of Yredelemnul.
 10255 | D:10     | Found a hazy altar of Hepliaklqana.
 10331 | D:11     | Found a staircase to the Lair.
 10370 | D:11     | Noticed a two-headed ogre
 10386 | D:11     | Killed a two-headed ogre
 10391 | D:11     | Reached skill level 14 in Polearms
 10412 | D:11     | Reached skill level 5 in Ice Magic
 10523 | D:11     | Noticed a two-headed ogre
 10523 | D:11     | Reached ** piety under the Shining One
 10565 | D:11     | Killed a two-headed ogre
 10683 | D:11     | Noticed a boulder beetle
 10693 | D:11     | Killed a boulder beetle
 10694 | D:11     | Reached skill level 15 in Polearms
 10798 | D:11     | Found Baog's Jewellery Emporium.
 10990 | D:11     | Reached XP level 12. HP: 91/91 MP: 16/16
 11281 | Orc:1    | Entered Level 1 of the Orcish Mines
 11281 | Orc:1    | Found a runed translucent door.
 11293 | Orc:1    | Reached skill level 5 in Armour
 11352 | Orc:1    | Noticed a two-headed ogre
 11358 | D:10     | Reached skill level 16 in Polearms
 11452 | Orc:1    | Killed a two-headed ogre
 11492 | Orc:1    | Noticed a two-headed ogre
 11559 | Orc:1    | Killed a two-headed ogre
 11698 | Orc:1    | Found a shimmering altar of Xom.
 11698 | Orc:1    | Noticed Wekumecuw's ghost (journeyman DsFi)
 11718 | Orc:1    | Found Tuits's Distillery.
 11855 | Orc:2    | Entered Level 2 of the Orcish Mines
 11962 | Orc:2    | Found a staircase to the Elven Halls.
 12100 | Orc:2    | Found an iron altar of Okawaru.
 12160 | Orc:2    | Noticed a two-headed ogre
 12160 | Orc:2    | Noticed an ogre mage
 12191 | Orc:2    | Paralysed by something for 2 turns
 12192 | Orc:2    | Reached *** piety under the Shining One
 12250 | Orc:1    | Reached skill level 17 in Polearms
 12266 | Orc:2    | Killed an ogre mage
 12290 | Orc:2    | Noticed an ogre mage
 12291 | Orc:2    | Paralysed by an ogre mage for 2 turns
 12296 | Orc:2    | Noticed a two-headed ogre
 12298 | Orc:2    | Killed an ogre mage
 12303 | Orc:2    | Killed a two-headed ogre
 12303 | Orc:2    | Noticed a two-headed ogre
 12304 | Orc:2    | Reached XP level 13. HP: 63/99 MP: 10/17
 12540 | Orc:2    | Found Buaf's Jewellery Shoppe.
 12561 | Orc:2    | Reached skill level 10 in Fighting
 12561 | Orc:2    | Reached skill level 10 in Ice Magic
 12627 | Orc:2    | Found Dorujan's Jewellery Emporium.
 12629 | Orc:2    | Found Atangyed's General Store.
 12637 | Orc:2    | Found Oriotung's General Store.
 12642 | Orc:2    | Bought a scroll of identify for 32 gold pieces
 12651 | Orc:2    | Bought a scroll of identify for 32 gold pieces
 13297 | D:12     | Noticed Lodul
 13307 | D:12     | Killed Lodul
 13686 | D:12     | Noticed Nessos
 13842 | D:12     | Reached **** piety under the Shining One
 14006 | Orc:2    | Bought a ring of poison resistance for 240 gold pieces
 14222 | D:8      | Killed Psyche
 14227 | D:8      | Killed Maggie
 14463 | D:8      | Learned a level 5 spell: Freezing Cloud
 14700 | Lair:1   | Entered Level 1 of the Lair of Beasts
 14768 | Lair:1   | Reached XP level 14. HP: 106/111 MP: 18/20
 14810 | Lair:1   | Found a transporter.
 15086 | Lair:1   | Reached skill level 1 in Conjurations
 15086 | Lair:1   | Reached skill level 1 in Air Magic
 15287 | Lair:1   | Found a transporter.
 15401 | Lair:1   | Reached skill level 5 in Invocations
 15635 | Lair:2   | Found a staircase to the Swamp.
 16561 | Lair:3   | Noticed Fannar
 16571 | Lair:3   | Killed Fannar
 17120 | Lair:3   | Reached skill level 5 in Spellcasting
 17167 | Lair:3   | Found a staircase to the Snake Pit.
 17452 | Lair:4   | Found a transporter.
 17452 | Lair:4   | Noticed CertainDeath's ghost (journeyman MiMo)
 17452 | Lair:4   | Reached ***** piety under the Shining One
 17457 | Lair:4   | Found a transporter.
 18240 | Lair:5   | Entered Level 5 of the Lair of Beasts
 18596 | Lair:5   | Reached skill level 5 in Stealth
 18780 | Lair:5   | Found a staircase to the Slime Pits.
 18787 | Lair:5   | Reached XP level 15. HP: 119/119 MP: 23/23
 19350 | Lair:5   | Reached skill level 10 in Dodging
 19988 | Lair:4   | Killed CertainDeath's ghost
 20411 | D:12     | Noticed Jorgrun
 20420 | D:12     | Killed Jorgrun
 20782 | D:12     | Killed Nessos
 20974 | D:13     | Noticed Rupert
 20976 | D:13     | Paralysed by Rupert for 3 turns
 21460 | D:13     | Killed Rupert
 21854 | D:14     | Found a frozen archway.
 22026 | IceCv    | Entered an ice cave
 22147 | IceCv    | Reached ****** piety under the Shining One
 22313 | IceCv    | Reached XP level 16. HP: 129/129 MP: 26/26
 23057 | IceCv    | Identified the +7 ice dragon scales of Ykagh {rF- rC++
                  | MP+9}
 23591 | D:14     | Found a gate to the Vaults.
 23881 | D:15     | Entered Level 15 of the Dungeon
 24445 | D:15     | Found the amulet of Vitality {RegenMP++ Regen++}
 24764 | D:15     | Found a staircase to the Depths.
 24895 | D:15     | Identified a scroll of acquirement
 24896 | D:15     | Acquired a +4 halberd of flaming
 25026 | D:15     | Reached skill level 5 in Air Magic
 25212 | Lair:3   | Reached skill level 5 in Conjurations
 25286 | Snake:1  | Entered Level 1 of the Snake Pit
 25559 | Snake:1  | Noticed Louise
 25895 | Snake:1  | Reached skill level 18 in Polearms
 25895 | Snake:1  | Reached skill level 5 in Ranged Weapons
 25895 | Snake:1  | Reached XP level 17. HP: 106/138 MP: 21/27
 26111 | Lair:3   | Killed Louise
 26385 | Snake:1  | Identified the +9 ring mail "Pidouj" {Fly Dex+4 Slay-6}
 27067 | Snake:2  | Noticed Vashnia
 27194 | Snake:2  | Killed Vashnia
 27407 | Snake:2  | Reached skill level 19 in Polearms
 27428 | Snake:2  | Found Mophur's Weapon Shop.
 27439 | Snake:2  | Bought the +9 halberd "Roxasoh" {holy, rC+ Will++} for 1122
                  | gold pieces
 27589 | Snake:2  | Reached skill level 15 in Fighting
 28002 | Snake:3  | Identified Roxanne's Guide on Forms
 28002 | Snake:3  | Noticed Roxanne
 28226 | Snake:3  | Noticed Mlioglotl
 28240 | Snake:3  | Killed Mlioglotl
 28241 | Snake:3  | Reached skill level 20 in Polearms
 28476 | Snake:3  | Noticed Agnes
 28489 | Snake:3  | Killed Roxanne
 28564 | Snake:3  | Killed Agnes
 28957 | Snake:3  | Noticed Josuitwi's ghost (adept MfGl)
 28961 | Snake:3  | Found a transporter.
 28967 | Snake:3  | Found a bloodstained altar of Trog.
 28984 | Snake:3  | Found a transporter.
 28996 | Snake:3  | Identified the +6 great mace of Pocsipp {drain, rC+ Will+
                  | Str+3}
 29068 | Snake:4  | Entered Level 4 of the Snake Pit
 29085 | Snake:4  | Found Vusidej's Assorted Antiques.
 29099 | Snake:4  | Noticed Asterion
 29209 | Snake:4  | Reached XP level 18. HP: 137/149 MP: 28/28
 29333 | Snake:4  | Found Yfiargh's Antique Armour Shoppe.
 29336 | Snake:4  | Bought a crude helmet for 323 gold pieces
 29336 | Snake:4  | Identified the +1 helmet "Afirac" {MP-9 Dex+6 SInv Stlth+}
                  | (You bought it in a shop on level 4 of the Snake Pit)
 29378 | Snake:4  | Bought a pair of glowing boots for 255 gold pieces
 29688 | Snake:4  | Noticed Kirke
 29697 | Snake:4  | Killed Kirke
 29767 | Snake:4  | Killed Asterion
 29876 | Snake:4  | Found Japs's Jewellery Boutique.
 29944 | Snake:4  | Found Hateigad's Book Shoppe.
 31313 | Snake:4  | Got a serpentine rune of Zot
 31692 | Vaults:1 | Entered Level 1 of the Vaults
 32163 | Vaults:1 | HP: 5/149 [ironbound frostheart/creeping frost (12)]
 32804 | Vaults:1 | Reached XP level 19. HP: 128/155 MP: 16/30
 33332 | Vaults:1 | Identified the +10 morningstar of Cisuguen {drain, rElec
                  | rC+ Dex-2 SInv}
 34012 | Vaults:2 | Reached skill level 10 in Invocations
 34060 | Vaults:2 | Reached skill level 10 in Stealth
 34190 | Vaults:2 | Noticed Frederick
 34206 | Vaults:2 | Killed Frederick
 34282 | Vaults:2 | Identified the +3 sling of Might {antimagic, rPois rN+
                  | Int-3}
 35214 | Vaults:2 | Found Weaf's Antique Weapon Boutique.
 35672 | Vaults:2 | Found a portal to a secret trove of treasure.
 36339 | Vaults:3 | Noticed Zenata
 36384 | Vaults:3 | Noticed a bone dragon
 36402 | Vaults:3 | Killed a bone dragon
 36498 | Vaults:3 | Identified the +4 glaive "Kejoazucs" {flame, MP+9 Str+4}
 36631 | Vaults:3 | Found a staircase to the Crypt.
 37024 | Vaults:3 | Reached XP level 20. HP: 138/162 MP: 19/33
 37028 | Vaults:3 | Noticed Saint Roka
 37671 | Snake:4  | Bought a potion of berserk rage for 160 gold pieces
 37876 | Swamp:1  | Entered Level 1 of the Swamp
 38011 | Swamp:1  | Identified the +1 dagger "Huusyres" {vorpal, rPois}
 38810 | Swamp:2  | Identified the +0 ring mail of the Saviour {rCorr Int+3
                  | Dex+2}
 39820 | Swamp:3  | Noticed Aizul
 39860 | Swamp:2  | Killed Aizul
 40470 | Swamp:3  | Noticed Donald
 40559 | Swamp:3  | Killed Donald
 40708 | Swamp:4  | Entered Level 4 of the Swamp
 40881 | Swamp:3  | Reached skill level 10 in Spellcasting
 41218 | Swamp:4  | Noticed the 27-headed Lernaean hydra
 41362 | Swamp:4  | Noticed Nikola
 41376 | Swamp:4  | Killed Nikola
 41491 | Swamp:4  | Killed the 25-headed Lernaean hydra
 41584 | Swamp:4  | Got a decaying rune of Zot
 42550 | Vaults:2 | HP: 8/162 [poisoned by a +2 trident of venom]
 42555 | Vaults:2 | HP: 7/162 [poisoned by a +2 trident of venom]
 42902 | Vaults:3 | Killed Saint Roka
 42903 | Vaults:3 | Reached XP level 21. HP: 159/168 MP: 13/35
 43003 | Vaults:3 | Killed Zenata
 43443 | Vaults:4 | Paralysed by a sphinx for 4 turns
 44047 | Vaults:4 | Reached skill level 10 in Conjurations
 44050 | Vaults:4 | Noticed Bai Suzhen
 44213 | Vaults:4 | Reached skill level 10 in Air Magic
 44381 | Vaults:4 | Reached skill level 10 in Armour
 45165 | Vaults:4 | Killed Bai Suzhen
 45371 | Vaults:4 | Identified the +5 scimitar of the Apocalypse {pain, *Rage
                  | rElec rC+++ Str-4}
 45838 | Vaults:4 | Identified the +6 great sword of a sewer {vorpal, Int+6}
 46066 | Elf:1    | Entered Level 1 of the Elven Halls
 46403 | Elf:1    | Identified the +5 short sword of Elafy {flame, rElec rCorr
                  | Dex-2}
 46866 | Elf:1    | Found Silihang's General Store.
 47082 | Elf:1    | Got Poloego's Book of the Throng
 47250 | Elf:1    | Noticed Azrael
 47278 | Elf:1    | Killed Azrael
 48191 | Elf:2    | Found a huge runed gate.
 48192 | Elf:2    | Found a huge runed gate.
 48192 | Elf:2    | Found a huge runed gate.
 48193 | Elf:2    | Found a huge runed gate.
 48193 | Elf:2    | Found a huge runed gate.
 48194 | Elf:2    | Found a huge runed gate.
 48194 | Elf:2    | Found a huge runed gate.
 48194 | Elf:2    | Found a huge runed gate.
 48194 | Elf:2    | Found a huge runed gate.
 48195 | Elf:2    | Found a huge runed gate.
 48195 | Elf:2    | Found a huge runed gate.
 48196 | Elf:2    | Found a huge runed gate.
 48197 | Elf:2    | Found a huge runed gate.
 48198 | Elf:2    | Found a huge runed gate.
 48217 | Elf:2    | Found a huge runed gate.
 48495 | D:2      | Bought Ozocubu's Autobiography for 264 gold pieces
 48768 | Elf:2    | Found Fapnacin's Antique Armour Shop.
 48809 | Elf:2    | Bought a transparent cloak for 275 gold pieces
 48809 | Elf:2    | Identified the +0 cloak of Foadaote {Harm} (You bought it
                  | in a shop on level 2 of the Elven Halls)
 48829 | Elf:2    | Found a huge runed gate.
 48831 | Elf:2    | Found a huge runed gate.
 48831 | Elf:2    | Found a huge runed gate.
 48832 | Elf:2    | Found a huge runed gate.
 48885 | Elf:2    | Found a huge runed gate.
 48890 | Elf:2    | Found a huge runed gate.
 48890 | Elf:2    | Found a huge runed gate.
 48890 | Elf:2    | Found a huge runed gate.
 48890 | Elf:2    | Found a huge runed gate.
 48890 | Elf:2    | Found a huge runed gate.
 48890 | Elf:2    | Found a huge runed gate.
 48891 | Elf:2    | Found a huge runed gate.
 48892 | Elf:2    | Found a huge runed gate.
 48893 | Elf:2    | Found a huge runed gate.
 48946 | Elf:2    | Found a runed translucent gate.
 48946 | Elf:2    | Found a runed translucent gate.
 48949 | Elf:2    | Found a runed translucent gate.
 49219 | Elf:2    | Found a huge runed gate.
 49219 | Elf:2    | Found a huge runed gate.
 49219 | Elf:2    | Found a huge runed gate.
 49219 | Elf:2    | Found a huge runed gate.
 49219 | Elf:2    | Found a huge runed gate.
 49219 | Elf:2    | Found a huge runed gate.
 49220 | Elf:2    | Found a huge runed gate.
 49248 | Elf:3    | Entered Level 3 of the Elven Halls
 50760 | Elf:3    | Identified the ring "Vapruel" {rN+ Dex+4}
 50775 | Elf:3    | Reached skill level 21 in Polearms
 50790 | Elf:3    | Reached XP level 22. HP: 147/175 MP: 14/36
 50999 | Elf:3    | Identified the +0 leather armour of Kujocw {Str+3}
 51086 | Elf:3    | Identified the ring of Lugonu's Anger {EV+4 Str+3 Int+5}
 51320 | Elf:3    | Identified the +1 plate armour of True Grit {rF+}
 51657 | Elf:3    | Got the Anthology of Conflict
 51664 | Elf:3    | Learned a level 3 spell: Frozen Ramparts
 51668 | Elf:3    | Learned a level 3 spell: Ozocubu's Armour
 51701 | Elf:3    | Identified the +1 pair of boots of Kindness {-Cast rPois
                  | rCorr Dex-5}
 51718 | Elf:3    | Identified the +2 pair of gloves of Objectivity {rPois
                  | Int+2}
 51784 | Elf:3    | Learned a level 7 spell: Ozocubu's Refrigeration
 51789 | Elf:3    | Learned a level 4 spell: Summon Ice Beast
 52359 | Elf:2    | Reached skill level 1 in Summonings
 52778 | Elf:2    | Noticed scionoferis's ghost (adept SpAr)
 52779 | Elf:2    | Found the amulet of the Air {Inacc Air Fly rElec RMsl}
 52779 | Elf:2    | Noticed Wicel's ghost (adept MiBe)
 52779 | Elf:2    | Noticed Xocounua's ghost (adept OpAE)
 52779 | Elf:2    | Noticed Gorep's ghost (adept FeBe)
 52779 | Elf:2    | Noticed Opizon's ghost (journeyman TrFi)
 52779 | Elf:2    | Noticed Sorrimu's ghost (adept DsDe)
 52780 | Elf:2    | Noticed Wicel's ghost (adept MiBe)
 52781 | Elf:2    | Found the +8 longbow "Zephyr" {speed, Dex+3 SInv}
 53475 | Crypt:1  | Entered Level 1 of the Crypt
 54556 | Crypt:1  | Found an ancient bone altar of Kikubaaqudgha.
 55245 | Crypt:3  | Entered Level 3 of the Crypt
 55551 | Crypt:3  | Found the -2 hat of the Alchemist {rElec rPois rF+ rC+ rN+
                  | Will+ rMut rCorr}
 55740 | Crypt:3  | Found a staircase to the Tomb.
 56196 | Crypt:3  | Reached XP level 23. HP: 171/181 MP: 29/38
 56232 | Crypt:3  | Reached skill level 22 in Polearms
 56262 | Crypt:3  | Identified the +9 great mace "Koufaaqe" {vamp, Str+4}
 56263 | Crypt:3  | Identified the +7 trident "Loemum" {freeze, Dex+7}
 56264 | Crypt:3  | Noticed a dread lich
 56265 | Crypt:3  | Identified the ring of Itan {Fly rPois Will- Int+9 Stlth-}
 56357 | Crypt:2  | Reached skill level 15 in Ice Magic
 56440 | Crypt:3  | Killed a dread lich
 56731 | Depths:1 | Entered Level 1 of the Depths
 57517 | Depths:1 | Found a magical portal.
 57525 | WizLab   | Entered The Roulette of Golubria
 57525 | WizLab   | Found a transporter.
 57528 | WizLab   | Found the +1 cloak of Starlight {*Dazzle EV+4 Stlth--}
 57528 | WizLab   | Found a corrupted altar of Lugonu.
 57612 | WizLab   | Found a transporter.
 57612 | WizLab   | Found a transporter.
 57651 | WizLab   | Found a transporter.
 57671 | WizLab   | Found a transporter.
 57701 | WizLab   | Found a transporter.
 57728 | WizLab   | Found a transporter.
 57755 | WizLab   | Found a transporter.
 57768 | WizLab   | Found a transporter.
 57813 | WizLab   | Found a transporter.
 57874 | WizLab   | Found a transporter.
 57888 | WizLab   | Found a transporter.
 57998 | WizLab   | Found a transporter.
 57998 | WizLab   | Found a transporter.
 58189 | WizLab   | Found a transporter.
 58189 | WizLab   | Found a transporter.
 58248 | WizLab   | Found a transporter.
 58248 | WizLab   | Found a transporter.
 58281 | WizLab   | Found a transporter.
 58327 | WizLab   | Got Golubria's Codex of Translocation
 58337 | WizLab   | Identified the +2 cloak "Hipp" {Rampage rC+ Str+6}
 58346 | WizLab   | Identified the +1 cloak "Zemugaj" {rF+}
 58426 | WizLab   | Found a transporter.
 58839 | Depths:1 | Found a gateway to Hell.
 59125 | Depths:1 | Identified the +6 double sword of Subjectivity {vorpal,
                  | rPois rC+ Will+}
 59492 | Depths:1 | Identified the amulet of Iwevewn {RegenMP Will+ Stlth+}
 59593 | Depths:1 | Found the ring of Shadows {Umbra +Inv Stlth+}
 59605 | Depths:1 | Identified the +7 spear "Maakej" {venom, rF+}
 59801 | Depths:1 | Identified the +10 double sword of the Nexus {flame, +Blink
                  | rPois rC++}
 60089 | Depths:1 | Reached skill level 23 in Polearms
 60664 | Depths:2 | Noticed a caustic shrike
 60711 | Depths:2 | Killed a caustic shrike
 60846 | Depths:2 | You fall into a shaft and drop 2 floors!
 60846 | Depths:4 | Entered Level 4 of the Depths
 60976 | Depths:4 | Noticed a caustic shrike
 60976 | Depths:4 | Noticed a caustic shrike
 60976 | Depths:4 | Noticed a caustic shrike
 60976 | Depths:4 | Noticed a caustic shrike
 60976 | Depths:4 | Noticed a caustic shrike
 60985 | Depths:4 | Killed a caustic shrike
 60987 | Depths:4 | Killed a caustic shrike
 60988 | Depths:4 | Reached XP level 24. HP: 40/188 MP: 39/39
 60988 | Depths:4 | Killed a caustic shrike
 60990 | Depths:4 | Killed a caustic shrike
 60992 | Depths:4 | Killed a caustic shrike
 61918 | Elf:2    | Killed scionoferis's ghost
 61926 | Elf:2    | Bought a twisted kite shield for 275 gold pieces
 61926 | Elf:2    | Identified the +5 kite shield "Teuxim" {Harm Dex+2 SInv}
                  | (You bought it in a shop on level 2 of the Elven Halls)
 61953 | Elf:2    | Killed Wicel's ghost
 61968 | Elf:2    | Killed Xocounua's ghost
 61971 | Elf:2    | Killed Opizon's ghost
 61987 | Elf:2    | Killed Gorep's ghost
 62072 | Elf:2    | Identified the amulet "Sekh" {Faith Rampage}
 62606 | Depths:2 | Identified the +1 robe of Peokoppu {Int+4 Dex+5}
 62610 | Depths:2 | Identified the +0 robe of Anwergh {rPois rC+ Will+ Regen+}
 62771 | Depths:2 | Reached skill level 24 in Polearms
 62836 | Depths:2 | Found a one-way gate leading to the halls of Pandemonium.
 62920 | Depths:2 | Found a shadowy altar of Dithmenos.
 63015 | Depths:2 | Noticed Vv
 63485 | Depths:2 | Killed Vv
 63906 | Depths:2 | Identified the ring "Vitziuck" {Ice Drain rN+ Str+4}
 63906 | Depths:2 | Noticed Josephina
 63917 | Depths:2 | Killed Josephina
 63918 | Depths:2 | Reached skill level 15 in Dodging
 64581 | Depths:3 | Found a one-way gate to the infinite horrors of the Abyss.
 64601 | Depths:3 | Found an opulent altar of Gozag.
 64605 | Depths:3 | Found Gozag's Platinum Reserve.
 65209 | Depths:3 | Got Niheg's Verses on the Congregation
 65473 | Depths:4 | Found a gate to the Realm of Zot.
 65612 | Depths:4 | Found a one-way gateway to a ziggurat.
 66523 | Depths:4 | Reached skill level 25 in Polearms
 66911 | Hell     | Entered the Vestibule of Hell
 66911 | Hell     | Noticed Geryon
 67272 | Slime:1  | Entered Level 1 of the Pits of Slime
 67570 | Slime:1  | Gained mutation: You are frail. (-10% HP) [a shining eye]
 67574 | Slime:1  | Gained mutation: You are clumsy. (Dex -2) [a shining eye]
 67579 | Slime:1  | Reached XP level 25. HP: 31/174 MP: 32/39
 68085 | Slime:2  | HP: 8/174 [rockslime (22)]
 68086 | Slime:2  | The Shining One protects you from harm!
 68126 | Slime:2  | Gained mutation: You occasionally lose the ability to drink
                  | potions when taking damage. [a shining eye]
 69622 | Elf:2    | Lost mutation: You are frail. (-10% HP) [potion of
                  | mutation]
 69622 | Elf:2    | Lost mutation: You are clumsy. (Dex -2) [potion of
                  | mutation]
 69622 | Elf:2    | Gained mutation: You sometimes lose your temper in combat.
                  | [potion of mutation]
 69622 | Elf:2    | Gained mutation: You expend magic power (3 MP) to
                  | strengthen your wands. [potion of mutation]
 69884 | Vaults:3 | Lost mutation: You expend magic power (3 MP) to strengthen
                  | your wands. [potion of mutation]
 69884 | Vaults:3 | Lost mutation: You occasionally lose the ability to drink
                  | potions when taking damage. [potion of mutation]
 69884 | Vaults:3 | Gained mutation: You are partially covered in iridescent
                  | scales. (AC +2) [potion of mutation]
 69884 | Vaults:3 | Gained mutation: Your mind is acute. (Int +4, Str/Dex -1)
                  | [potion of mutation]
 70043 | D:12     | Lost mutation: You sometimes lose your temper in combat.
                  | [potion of mutation]
 70043 | D:12     | Lost mutation: You are partially covered in iridescent
                  | scales. (AC +2) [potion of mutation]
 70043 | D:12     | Lost mutation: Your mind is acute. (Int +4, Str/Dex -1)
                  | [potion of mutation]
 70043 | D:12     | Gained mutation: Your muscles are strong. (Str +4, Int/Dex
                  | -1) [potion of mutation]
 70236 | Vaults:5 | Entered Level 5 of the Vaults
 71444 | D:2      | Bought a scroll of fear for 44 gold pieces
 71626 | Orc:1    | Bought a potion of heal wounds for 70 gold pieces
 71626 | Orc:1    | Bought a potion of heal wounds for 70 gold pieces
 71626 | Orc:1    | Bought a potion of might for 56 gold pieces
 71666 | Orc:1    | Killed Wekumecuw's ghost
 71953 | Snake:3  | Killed Josuitwi's ghost
 72769 | Tomb:1   | Entered Level 1 of the Tomb of the Ancients
 73312 | Tomb:1   | Identified the +10 falchion "Pichumaty" {flame, MP+9}
 73313 | Tomb:1   | Noticed a royal mummy
 73313 | Tomb:1   | Noticed a royal mummy
 73333 | Tomb:1   | HP: 1/194 [death scarab (26)]
 73338 | Tomb:1   | HP: 5/194 [sphinx/divine providence (10)]
 73339 | Tomb:1   | Mangled by a death scarab

Illustrated notes

Levels and vault maps discovered:
D:1:      psy_arrival_radial01, layout_basic, hellmonk_ecumenical_altar_run_dry
D:2:      layout_basic, serial_shops, nicolae_diamond_shop
D:3:      layout_rooms, zin_angel, grunt_decor_mini_mirrors, serial_park_tiny_2,
          chequers_big_river, uniq_natasha, uniq_crazy_yiuf_cottage
D:4:      layout_rooms, chequers_serial_rivers_marsh, interstate_on_off
D:5:      layout_rooms, mainiacjoe_overflow_chevrons, uniq_blork_the_orc,
          uniq_edmund, uniq_duvessa
D:6:      layout_cave_pools, lightli_temple_of_fire, general_overflow_altar,
          minmay_temple_entry_offerings, kennysheep_generic_room_3
D:7:      layout_loops_corners, mainiacjoe_overflow_catwalk, enter_bailey_3
D:8:      minmay_blocky_corners, layout_basic, uniq_psyche, uniq_maurice,
          uniq_maggie
D:9:      layout_long_grid, nicolae_shop_vocational
D:10:     layout_roguey, minitemple, uniq_snorg
D:11:     layout_loops_cross, due_lair_maze_entry_diamond, serial_shops, shop
D:12:     layout_small_grid, gauntlet_entry_generic, minmay_misc_feat_plants,
          minivault_14, minmay_misc_feat_rows, uniq_nessos, uniq_jorgrun,
          uniq_lodul
D:13:     layout_long_grid, uniq_rupert
D:14:     layout_cave_pools, david_vaults_2,
          portal_ice_cave_entry_ice_statue_two, hangedman_decor_opposing
D:15:     grunt_enter_depths_magical_seal, layout_irregular_city,
          serial_park_square2
Temple:   hellmonk_temple_rainy
Lair:1:   gammafunk_cloud_chamber, layout_chaotic_city, lemuel_fruit_tree,
          serial_bayou_shore_b
Lair:2:   layout_cave_pods, skrybe_swamp_entry_bodies,
          infiniplex_staircase_pool_2
Lair:3:   layout_big_grid, guppyfry_snake_entry_island, uniq_fannar
Lair:4:   layout_regular_city, gammafunk_ghost_arena
Lair:5:   minmay_lair_end_enchanted_forest, layout_regular_city,
          minmay_slime_entry_jelly_boxes, nicolae_quartered_pool_impasse,
          lemuel_fruit_fields
Swamp:1:  layout_basic_swamp, hangedman_swamp_pad
Swamp:2:  layout_basic_swamp, hangedman_swamp_lotus, swamp_pool5
Swamp:3:  layout_basic_swamp, evilmike_swamp_ruin_house_5, swamp_pool1,
          uniq_aizul, uniq_donald
Swamp:4:  grunt_swamp_rune_castle, layout_basic_swamp, swamp_pool1, uniq_nikola
Snake:1:  layout_onion_interference, nicolae_snake_yet_another_twisty_hallway,
          grunt_megastairs_5, uniq_louise
Snake:2:  layout_rooms, st_stairs_3, minmay_shop_star, uniq_vashnia
Snake:3:  layout_rooms, gammafunk_ghost_wrathful_warriors, uniq_mlioglotl,
          uniq_agnes, uniq_roxanne
Snake:4:  minmay_snake_end_coiled, layout_gridlike, serial_shops,
          nicolae_shop_statue_plus, nicolae_shop_behind_doors,
          nicolae_shop_hallway_plus, shop_statue, uniq_asterion, uniq_kirke
Slime:1:  layout_caves
Slime:2:  layout_caves
Slime:3:  layout_caves
Orc:1:    layout_caves, serial_shops, nicolae_shop_trees, ebering_ghost_xom,
          guppyfry_orc_lava_fort
Orc:2:    st_orc_open, layout_caves, okawaru_metal_pillars_3
Elf:1:    elf_arrival_001, layout_onion_city, serial_shops,
          nicolae_shop_window_shopping, minmay_elf_demonology, uniq_azrael
Elf:2:    elven_hall_of_blades_hangedman_original
          [nicolae_blade_entry_antechamber], layout_geoelf_diagonals,
          gammafunk_ghost_door_vault, serial_shops,
          nicolae_shop_overgrown_old_shop, grunt_ministairs_14
Elf:3:    minmay_elf_hall_x, layout_loops_corners
Vaults:1: nicolae_vaults_theta, vaults_room_corners, v_misc_26,
          nicolae_vaults_border_crossing, v_alt_pattern_2,
          nicolae_vaults_what_the_h, hangedman_vaults_unwind,
          nicolae_vaults_angled_halls, vaults_room_fancy_cross,
          ontoclasm_vaults_misaligned, v_misc_17,
          ontoclasm_vaults_decontamination, layout_vaults_omnibox
Vaults:2: vaults_standard_mumra_lines, vaults_mumra_hex,
          nicolae_vaults_little_squares_6, vaults_dpeg_encased_lava,
          nicolae_vaults_sealed_display, v_alt_pattern_3, vaults_room_pools,
          layout_vaults_omnigrid, trove_entry_hex_spiral, serial_shops,
          nicolae_shop_behind_doors, uniq_frederick
Vaults:3: ontoclasm_vaults_ring_small, hangedman_vaults_stretched_pinwheel,
          minmay_crypt_entry_nasty_monster, vaults_room_door_hall,
          hangedman_vaults_stagger, v_alt_pattern_2,
          nicolae_vaults_circle_grid_b, v_pattern_5,
          ontoclasm_vaults_ring_large, v_misc_25, vaults_mumra_minichess,
          nicolae_vaults_network_barrier, kb_rosetta,
          nicolae_vaults_little_squares_5, nicolae_vaults_asterisk,
          layout_vaults_maze_bifur, uniq_margery, uniq_saint_roka, uniq_zenata
Vaults:4: hangedman_vaults_hat, vaults_room_door_ring, v_misc_23,
          vaults_room_grid, ontoclasm_vaults_claustrophobia, v_misc_15,
          vaults_mumra_chevron_long, v_alt_pattern_6,
          nicolae_vaults_mini_display_case, nicolae_vaults_yaktaur_gun_rack,
          layout_vaults_chaotic_city, uniq_bai_suzhen
Vaults:5: serial_shops, uniq_xtahua
Crypt:1:  layout_catacombs, grunt_crypt_arrival_webbed, lemuel_upstairs_altar
Crypt:2:  layout_rooms
Crypt:3:  david_glass_crypt, layout_basic,
          nicolae_tomb_entry_unfolded_pyramid_orthogonal, st_stairs_7,
          amcnicky_mini_rare_corridor_liquid
Tomb:1
Depths:1: evilmike_pillar_path, layout_honeycomb, hell_entry, mu_enter_wizlab_7,
          serial_sigils_hangedman_leer, nicolae_rock_paper_scissors
Depths:2: kennysheep_bubble_arena, layout_small_grid, hellmouth_1,
          grunt_dithmenos_smoke_and_mirrors, grunt_pan_entry_in_and_out,
          infiniplex_staircase_zigzag_3, uniq_vv, uniq_josephina
Depths:3: nicolae_cairo_tiling_very_big, layout_gridville, abyss_entry,
          hell_entry, nicolae_gozag_zags_fifth_avenue, st_stairs_8,
          kennysheep_cross_bottleneck, hangedman_cracks_in_the_wall
Depths:4: grunt_zot_entry_funnels, layout_gridlike, enter_ziggurat_e,
          pf_hell_entry_great_geh, roderic_roman_lattice
Hell

Skill      XL: |  1  2  3  4  5  6  7  8  9 10 11 12 13 14 15 16 17 18 19 20 21 22 23 24 25 |
---------------+----------------------------------------------------------------------------+-----
Fighting       | 3 4 5 6 7 8 10 11 12 13 15 | 15.0
Polearms       | 5 6 8 10 11 12 15 17 18 20 21 23 25 | 25.7
Dodging        | 5 6 7 8 9 10 11 12 14 15 | 15.0
Throwing       | 3 4 5 6 7 8 |  8.0
Ice Magic      | 2 3 4 6 8 11 12 13 14 15 16 17 | 17.4
Hexes          | 1 3 |  3.0
Armour         | 1 2 3 4 5 6 7 8 9 10 11 | 11.9
Stealth        | 2 4 5 6 7 9 10 11 12 | 12.0
Spellcasting   | 1 3 4 5 7 9 10 11 12 | 12.0
Ranged Weapons | 1 2 5 6 7 8 9 |  9.6
Invocations    | 2 3 4 6 7 9 10 12 13 14 | 14.0
Evocations     | 2 3 |  3.0
Conjurations   | 3 5 6 8 9 10 11 12 | 12.0
Air Magic      | 2 3 5 6 8 9 10 11 12 13 14 | 14.0
Summonings     | 3 |  3.0

Action                   |  1- 3 |  4- 6 |  7- 9 | 10-12 | 13-15 | 16-18 | 19-21 | 22-24 | 25-27 || total
-------------------------+-------+-------+-------+-------+-------+-------+-------+-------+-------++-------
Melee: Trident           |   125 |   183 |   151 |       |     5 |       |       |       |       ||   464
       Punch             |     1 |     2 |     3 |       |       |       |       |       |       ||     6
       Halberd           |       |       |    98 |   420 |   996 |   268 |   885 |  1893 |   320 ||  4880
       Quarterstaff      |       |       |       |       |    19 |       |       |       |       ||    19
       Glaive            |       |       |       |       |       |   759 |   592 |       |       ||  1351
       Tailslap          |       |       |       |       |       |       |     4 |       |       ||     4
 Fire: Shortbow          |       |       |     2 |     2 |     1 |       |       |       |       ||     5
       Longbow           |       |       |       |       |   117 |   405 |   415 |   163 |   200 ||  1300
Throw: Boomerang         |       |     4 |    63 |    49 |   171 |    54 |    19 |   127 |     2 ||   489
       Dart              |       |       |    14 |    43 |    17 |     1 |    40 |    50 |       ||   165
       Javelin           |       |       |    17 |    20 |    15 |     4 |    16 |    12 |     4 ||    88
       Throwing net      |       |       |     8 |       |       |       |     1 |       |       ||     9
 Cast: Ensorcelled Hiber |       |       |       |     2 |       |       |     3 |       |       ||     5
       Freezing Cloud    |       |       |       |       |       |       |    28 |    51 |     1 ||    80
       Ozocubu's Armour  |       |       |       |       |       |       |       |    74 |    14 ||    88
       Frozen Ramparts   |       |       |       |       |       |       |       |    50 |    11 ||    61
Invok: Summon Divine War |       |       |       |       |       |       |       |     3 |     1 ||     4
       Cleansing Flame   |       |       |       |       |       |       |       |       |     1 ||     1
Evoke: Wand              |       |       |     4 |     4 |     5 |     5 |     3 |     9 |     3 ||    33
       Lightning rod     |       |       |       |       |    10 |     2 |    11 |       |       ||    23
       Phantom mirror    |       |       |       |       |       |     1 |     4 |     2 |       ||     7
       Box of beasts     |       |       |       |       |       |     1 |     3 |       |       ||     4
  Use: Scroll            |       |     8 |    14 |     3 |    16 |    16 |    11 |    23 |    17 ||   108
       Potion            |       |     2 |     3 |     2 |     9 |    14 |     9 |     7 |    23 ||    69
 Stab: Held in net/web   |       |       |     4 |       |       |       |       |       |       ||     4
Armor: Leather armour    |     7 |       |       |       |       |       |       |       |       ||     7
       Scale mail        |    29 |     1 |       |       |       |       |       |       |       ||    30
       Chain mail        |       |    72 |    64 |       |       |       |       |       |       ||   136
       Skin              |       |     3 |    10 |       |       |       |       |       |       ||    13
       Steam dragon scal |       |       |    19 |    36 |       |       |       |       |       ||    55
       Troll leather arm |       |       |       |    58 |   300 |   293 |   453 |   328 |    80 ||  1512
       Robe              |       |       |       |       |    15 |    10 |       |       |       ||    25
       Swamp dragon scal |       |       |       |       |       |       |    43 |       |       ||    43
Dodge: Dodged            |    67 |    61 |    99 |   295 |   838 |   794 |  1016 |  1238 |   488 ||  4896
Block: Other             |       |       |       |       |       |       |       |   261 |   100 ||   361
       Reflection        |       |       |       |       |       |       |       |    15 |     2 ||    17

Table legend: (Time is in decaauts)
 A = Elapsed time spent in this place.
 B = Non-inter-level travel time spent in this place.
 C = Inter-level travel time spent in this place.
 D = Time resting spent in this place.
 E = Time spent auto-exploring this place.
 F = Levels seen in this place.
 G = Mean time per level.
                   A        B        C        D        E       F      G
               +--------+--------+--------+--------+--------+-----+--------+
         Total |  71494 |  61278 |  10216 |  12833 |  26533 |  54 | 1324.0 |
       Dungeon |  18649 |  14639 |   4010 |   1506 |   8877 |  15 | 1243.3 |
        Temple |     27 |     14 |     13 |      0 |     10 |   1 |   27.0 |
          Lair |   7211 |   5984 |   1227 |   1054 |   2962 |   5 | 1442.2 |
         Swamp |   3746 |   3609 |    137 |    913 |   1524 |   4 |  936.5 |
     Snake Pit |   5972 |   5392 |    580 |   1196 |   2111 |   4 | 1493.0 |
    Slime Pits |   1915 |   1897 |     18 |    714 |    578 |   3 |  638.3 |
  Orcish Mines |   2104 |   1748 |    356 |    152 |    892 |   2 | 1052.0 |
   Elven Halls |   7022 |   6001 |   1021 |   1504 |   2349 |   3 | 2340.7 |
        Vaults |  10929 |   9236 |   1693 |   2504 |   3195 |   5 | 2185.8 |
         Crypt |   3123 |   2624 |    499 |    174 |   1211 |   3 | 1041.0 |
          Tomb |    568 |    476 |     92 |    103 |     50 |   1 |  568.0 |
        Depths |   7365 |   6799 |    566 |   2026 |   2333 |   4 | 1841.2 |
          Hell |      1 |      1 |      0 |      0 |      0 |   1 |    1.0 |
        Bailey |    522 |    522 |      0 |    125 |    110 |   1 |  522.0 |
      Ice Cave |   1405 |   1405 |      0 |    733 |     87 |   1 | 1405.0 |
        Wizlab |    929 |    929 |      0 |    126 |    242 |   1 |  929.0 |
               +--------+--------+--------+--------+--------+-----+--------+

Top non-repeatable levels by time:
Vaults:4: 3247 daAuts
Vaults:2: 3059 daAuts
   Elf:3: 2658 daAuts
Vaults:3: 2383 daAuts
 Snake:4: 2325 daAuts
Vaults:1: 2229 daAuts
   Elf:1: 2219 daAuts
Depths:1: 2184 daAuts
   Elf:2: 2145 daAuts
Depths:2: 2037 daAuts
Depths:4: 1928 daAuts
  Lair:3: 1887 daAuts
    D:15: 1812 daAuts
  Lair:5: 1720 daAuts
    D:12: 1611 daAuts
